 Dungeon Sprint DCSS version 0.29-a0-409-gd843f3a48c (webtiles) character file.

Game seed: 10328500488185882592

2248 mhtbhm the Basher (level 9, -6/67 HPs)
             Began as a Gargoyle Berserker on May 14, 2022.
             Was a High Priest of Trog.
             Killed from afar by an oklob plant (20 damage)
             ... with a splash of acid
             ... in the Dungeon (Sprint IV: "Fedhas' Mad Dash").
             The game lasted 00:02:31 (2853 turns).

mhtbhm the Basher (Gargoyle Berserker)              Turns: 2853, Time: 00:02:31

Health: -6/67      AC:  5    Str: 24    XL:     9   Next: 37%
Magic:  8/9        EV: 12    Int:  9    God:    Trog [*****.]
Gold:   133        SH:  0    Dex:  9    Spells: 8/8 levels left

rFire   + . .      SeeInvis +   a - +0 mace
rCold   . . .      Faith    .   (no shield)
rNeg    + . .      Spirit   .   b - +0 scale mail
rPois   ∞          Reflect  .   f - +0 mask of the Dragon {Will+ Slay+3 SInv}
rElec   +          Harm     .   (no cloak)
rCorr   .          Rampage  .   (no gloves)
Will    +....      NoTele   +   (no boots)
Stlth   ++........              i - amulet of invisibility {+Inv}
HPRegen 0.21/turn               m - ring of protection from fire
MPRegen 0.11/turn               (no ring)

@: corroded, very slightly contaminated
A: sickness immunity, AC +6, negative energy resistance 1, electricity
resistance, torment resistance 1, petrification resistance
a: Renounce Religion, Evoke Invisibility, Berserk, Trog's Hand, Brothers in Arms


You were in the Dungeon.
You worshipped Trog.
Trog was extremely pleased with you.
You visited 1 branch You collected 133 gold pieces.

Inventory:

Hand Weapons
 a - a +0 mace (weapon)
Missiles
 j - 3 javelins (quivered)
Armour
 b - a +0 scale mail (worn)
 f - the +0 mask of the Dragon (worn) {Will+ Slay+3 SInv}
   (You found it in the Dungeon)

   Slay:      It affects your accuracy & damage with ranged weapons and melee
   (+3).
   SInv:      It lets you see invisible.
   Will:      It increases your willpower.
Jewellery
 i - the amulet of invisibility (around neck) {+Inv}
   (You found it in the Dungeon)

   [amulet of nothing]

   +Inv:      It lets you turn invisible.
 m - a ring of protection from fire (left hand)
Scrolls
 h - a scroll of blinking
 k - a scroll of enchant armour {unknown}
 l - a scroll of identify {unknown}
Potions
 c - a potion of curing
 d - 2 potions of heal wounds
 e - a potion of haste
 g - a potion of berserk rage


   Skills:
 + Level 12.7 Fighting
 + Level 13.6 Maces & Flails
 + Level 0.6 Throwing
 + Level 5.3 Armour
 + Level 6.8 Dodging
 + Level 6.7 Stealth
 + Level 3.9 Evocations


You had 8 spell levels left.
You didn't know any spells.
Your spell library was empty.

Dungeon Overview and Level Annotations

Branches:
Dungeon (1/1)

Altars:
Cheibriados
Dithmenos
Elyvilon
Gozag
Hepliaklqana
Kikubaaqudgha
Makhleb
Nemelex Xobeh
Okawaru
Qazlal
Ru
Sif Muna
Trog
Uskayaw
Vehumet
Wu Jian
Xom
Yredelemnul
Zin
The Shining One
Beogh
Jiyva
Lugonu

Shops:
D =(=:

Annotations:
D exclusions: oklob plant and oklob sapling


Innate Abilities, Weirdness & Mutations

You are immune to sickness and miasma.
Your stone body is resilient. (AC +6)
You are immune to poison.
You resist negative energy. (rN+)
You are resistant to electric shocks. (rElec)
You are resistant to unholy torment.
You are immune to petrification.


Message History

The splash of acid hits you!
You hit the wandering mushroom.
The wandering mushroom is lightly damaged.
You hit the wandering mushroom.
The wandering mushroom is lightly damaged.
You flicker for a moment.
The wandering mushroom releases spores at you!
You sock the wandering mushroom!
The wandering mushroom is moderately damaged.
You thump the wandering mushroom!
The wandering mushroom is heavily damaged.
The wandering mushroom releases spores at you but does no damage.
You hit the wandering mushroom but do no damage.
The wandering mushroom is heavily damaged.
The wandering mushroom releases spores at you but does no damage.
You hit the wandering mushroom.
The wandering mushroom is severely damaged.
The oklob plant spits acid at you. The splash of acid hits you!!
The acid corrodes you!
The wandering mushroom closely misses you.
You are too injured to fight recklessly!
You are too injured to fight recklessly!
You are too injured to fight recklessly!
You are too injured to fight recklessly!
You are too injured to fight recklessly!
You are too injured to fight recklessly!
Unknown command.
You flicker back into view.
The oklob plant spits acid at you. The splash of acid misses you.
The oklob plant spits acid at you. The splash of acid hits you!
* * * LOW HITPOINT WARNING * * *
The acid corrodes you!
There is an open door here.
You see here the +11 great sword of Conformity {flame, rN+ Dex+3}.
Unknown command.
The oklob plant spits acid at you. The splash of acid hits you!!
You die...

########################
#<..P#.....#.....#.⌠._._
#PP..'.....'.#...'.._._.
#PPPP#.....#.#...#..._._
###############'##.._._.
#...♣.†......'...#._._._
#......♣.....#...#######
#.....♣..♣..######
##!####@######P)+
#..#....)....f..#
#..#.[###....P..#
####### #########


You could see an oklob plant and a wandering mushroom.

Vanquished Creatures
  An oklob plant (D)
  2 wandering mushrooms (D)
  A queen bee (D)
  3 burning bushes (D)
  3 scorpions (D)
  4 killer bees (D)
  4 oklob saplings (D)
  2 spriggans (D)
  A river rat (D)
  A rat (D)
22 creatures vanquished.

Notes
Turn   | Place    | Note
-------+----------+-------------------------------------------
     0 | D        | mhtbhm the Gargoyle Berserker began the quest for the Orb.
     0 | D        | Reached XP level 1. HP: 14/14 MP: 1/1
    15 | D        | Reached skill level 4 in Maces & Flails
    15 | D        | Reached XP level 2. HP: 20/20 MP: 2/2
   162 | D        | Noticed an oklob sapling
   164 | D        | Killed an oklob sapling
   164 | D        | Reached ** piety under Trog
   165 | D        | Reached skill level 5 in Fighting
   165 | D        | Reached skill level 5 in Maces & Flails
   165 | D        | Reached XP level 3. HP: 26/26 MP: 3/3
   211 | D        | Noticed a scorpion
   211 | D        | Found the amulet of invisibility {+Inv}
   217 | D        | Killed a scorpion
   218 | D        | Reached skill level 6 in Maces & Flails
   218 | D        | Reached XP level 4. HP: 27/32 MP: 4/4
   263 | D        | Found an opulent altar of Gozag.
   263 | D        | Found a hazy altar of Hepliaklqana.
   263 | D        | Found a burning altar of Makhleb.
   263 | D        | Found a sparkling altar of Nemelex Xobeh.
   263 | D        | Found a snail-covered altar of Cheibriados.
   263 | D        | Found a sacrificial altar of Ru.
   263 | D        | Found a shimmering blue altar of Sif Muna.
   263 | D        | Found a shimmering altar of Xom.
   263 | D        | Found a basalt altar of Yredelemnul.
   264 | D        | Found a viscous altar of Jiyva.
   264 | D        | Found a bloodstained altar of Trog.
   264 | D        | Found an ornate altar of the Wu Jian Council.
   264 | D        | Noticed an oklob sapling priest
   265 | D        | Found an iron altar of Okawaru.
   265 | D        | Found a shadowy altar of Dithmenos.
   265 | D        | Found a glowing silver altar of Zin.
   266 | D        | Found an ancient bone altar of Kikubaaqudgha.
   266 | D        | Found a hide-covered altar of Uskayaw.
   267 | D        | Found a stormy altar of Qazlal.
   267 | D        | Found a white marble altar of Elyvilon.
   267 | D        | Found a glowing golden altar of the Shining One.
   268 | D        | Found a corrupted altar of Lugonu.
   268 | D        | Found a radiant altar of Vehumet.
   274 | D        | Killed an oklob sapling priest
   275 | D        | Reached skill level 7 in Maces & Flails
   275 | D        | Reached XP level 5. HP: 37/38 MP: 3/5
   593 | D        | Reached skill level 8 in Maces & Flails
   593 | D        | Reached skill level 1 in Evocations
   595 | D        | Reached *** piety under Trog
   596 | D        | Reached XP level 6. HP: 45/45 MP: 6/6
   608 | D        | Found Haistriho's Weapon Shop.
   608 | D        | Found Quemic's Jewellery Emporium.
   706 | D        | Noticed a burning bush
   706 | D        | Noticed a wandering mushroom
  1990 | D        | Killed a wandering mushroom
  1991 | D        | Reached skill level 10 in Fighting
  1991 | D        | Reached skill level 10 in Maces & Flails
  1991 | D        | Reached XP level 7. HP: 53/53 MP: 7/7
  2147 | D        | Noticed a wandering mushroom
  2394 | D        | Killed a wandering mushroom
  2394 | D        | Reached **** piety under Trog
  2395 | D        | Reached skill level 11 in Maces & Flails
  2395 | D        | Reached skill level 5 in Dodging
  2486 | D        | Killed a burning bush
  2487 | D        | Reached skill level 5 in Armour
  2487 | D        | Reached XP level 8. HP: 57/60 MP: 8/8
  2525 | D        | Found Qumupoel's Book Emporium.
  2525 | D        | Found Acochul's Jewellery Shoppe.
  2655 | D        | Noticed a queen bee
  2665 | D        | Killed a queen bee
  2666 | D        | Reached skill level 12 in Maces & Flails
  2667 | D        | Reached ***** piety under Trog
  2712 | D        | Noticed an oklob plant
  2725 | D        | Killed an oklob plant
  2726 | D        | Reached skill level 13 in Maces & Flails
  2726 | D        | Reached skill level 5 in Stealth
  2726 | D        | Reached XP level 9. HP: 66/66 MP: 7/9
  2756 | D        | Found the +0 mask of the Dragon {Will+ Slay+3 SInv}
  2757 | D        | Noticed a burning bush
  2775 | D        | Killed a burning bush
  2801 | D        | Noticed a burning bush
  2801 | D        | Noticed an oklob plant
  2802 | D        | Noticed a wandering mushroom
  2811 | D        | Killed a burning bush
  2811 | D        | Identified the +11 great sword of Conformity {flame, rN+
                  | Dex+3} (Trog gifted it to you in the Dungeon)
  2811 | D        | Received a gift from Trog
  2853 | D        | Killed from afar by an oklob plant

Illustrated notes

Levels and vault maps discovered:
D:        dungeon_sprint_fedhas [sprint_temple]

Skill      XL: |  1  2  3  4  5  6  7  8  9 |
---------------+----------------------------+-----
Fighting       | 4 5 6 7 8 10 11 12 | 12.7
Maces & Flails | 4 5 6 7 8 10 11 13 | 13.6
Dodging        | 2 3 4 5 6 |  6.8
Armour         | 3 4 5 |  5.3
Evocations     | 1 2 3 |  3.9
Stealth        | 2 3 5 6 |  6.7
Throwing       | |  0.6

Action                   |  1- 3 |  4- 6 |  7- 9 || total
-------------------------+-------+-------+-------++-------
Melee: Mace              |    16 |    45 |    93 ||   154
       Punch             |       |     1 |     3 ||     4
Throw: Javelin           |       |       |     1 ||     1
Invok: Berserk           |     2 |     4 |     3 ||     9
 Abil: Evoke Invisibilit |       |     1 |     4 ||     5
 Stab: Invisible         |       |       |     4 ||     4
       Sleeping          |       |       |     2 ||     2
Armor: Animal skin       |     7 |     8 |     4 ||    19
       Scale mail        |       |       |     7 ||     7
Dodge: Dodged            |     8 |    12 |    41 ||    61

Table legend: (Time is in decaauts)
 A = Elapsed time spent in this place.
 B = Non-inter-level travel time spent in this place.
 C = Inter-level travel time spent in this place.
 D = Time resting spent in this place.
 E = Time spent auto-exploring this place.
 F = Levels seen in this place.
 G = Mean time per level.
                   A        B        C        D        E       F      G
               +--------+--------+--------+--------+--------+-----+--------+
         Total |   2919 |   2919 |      0 |   2462 |      0 |   1 | 2919.0 |
       Dungeon |   2919 |   2919 |      0 |   2462 |      0 |   1 | 2919.0 |
               +--------+--------+--------+--------+--------+-----+--------+

Top non-repeatable levels by time:
       D: 2919 daAuts
